Unix NetHack Version 5.0.0-0 post-release - last build May 10 2026 23:12:36 (d1fa5d53e341ca933230fdaa984d921c805b60aa,branch:main).

Game began 2026-05-15 01:08:40, ended 2026-05-15 01:17:47.

ArrBianca, lawful female dwarven Archeologist

         ----             ---
         ...|          |....-
         ...|         --....0
         ...|         |...^..|   --..
         -..|         --.....--  |...
         |..|      --- -----..-- --..-
         |..-     --.---  ---..|  |...--
         |...|    |....|  |....|  -.....                           ---
       --|.|.--   |....----.|..|  ......|             ---.-       --..|
       |.|.|..|  --..)......|-.|  -.....---        ----...--     --...-
       ....|-.|  ......>..---|.|  |.......--      --.|.................
       ....||.---...---.....||.|  |........-     .|.................^.
  --.......-|...--..----....--.|  ---.......     .........---..--...-
  -........<|--..|.............------G.....--    ... ---        --..|
  ..---....--  -.|-------..............)o...--   ..-             |..--
               ..|      .......-----....e@G..-- ...|          ----....
               ..--------.....*--  ---.............------------*...---
               ...............|.|    |..........................----
               .---------.|..----    ------.|.|.--.-------------
                                              ---
ArrBianca the Field Worker  St:12 Dx:10 Co:13 In:16 Wi:16 Ch:8  Lawful
Dlvl:3  $:11 HP:0(29) Pw:6(6) AC:9  Xp:3 T:1404 

Latest messages:
 You finish eating the gecko corpse.
 You stop waiting.
 You stop waiting.
 You kill the newt!
 You hear crashing rock.
 You hear rumbling in the distance.
 You hear crashing rock.
 You stop waiting.
 The fox bites!
 You kill the fox!
 You climb up the stairs.
 In what direction? k
 The dart misses the floating eye.
 In what direction? k
 The dart hits the floating eye.
 In what direction? k
 The dart misses the floating eye.
 In what direction? k
 The dart hits the floating eye.
 In what direction? k
 The dart misses the floating eye.
 In what direction? k
 The dart misses the floating eye.
 In what direction? k
 Snap!
 A - 2 darts (at the ready).
 You kill the grid bug!
 In what direction? y
 The dart hits the floating eye.
 In what direction? h
 The dart hits the floating eye.
 A - 2 darts (at the ready).
 In what direction? j
 The dart hits the floating eye.
 In what direction? j
 The dart misses the floating eye.
 You lash the floating eye!
 You are frozen by the floating eye's gaze!
 A goblin suddenly appears close by!
 The goblin hits!
 The goblin hits!
 The goblin hits!
 The goblin hits!
 The goblin hits!
 The goblin hits!
 The goblin hits!
 The goblin hits!
 The goblin hits!
 You die...
 Do you want an account of creatures vanquished? [ynaq] (y) q

Inventory:
 Coins    ('$')
  $ - 11 gold pieces
 Weapons  (')')
  a - a +5 bullwhip (weapon in right hand)
 Armor    ('[')
  c - an uncursed +0 fedora (being worn)
  b - an uncursed +0 leather jacket (being worn)
 Comestibles  ('%')
  v - an uncursed cram ration
  d - 5 uncursed food rations
  j - 3 uncursed homemade tins of jackal meat
  m - an uncursed lichen corpse
 Scrolls  ('?')
  r - an uncursed scroll of confuse monster
  i - a blessed scroll of destroy armor
  k - an uncursed scroll of identify
  l - a cursed scroll of magic mapping
 Spellbooks  ('+')
  p - an uncursed spellbook of cure sickness
 Potions  ('!')
  o - an uncursed potion of extra healing
  s - an uncursed potion of levitation
 Rings    ('=')
  y - an uncursed ring of teleport control
 Wands    ('/')
  q - a wand of probing (0:6)
 Tools    ('(')
  h - an empty uncursed sack
  e - a +0 pick-axe (alternate weapon; not wielded)
  f - a tinning kit (0:68)
 Gems/Stones  ('*')
  g - an uncursed touchstone

ArrBianca the Archeologist's attributes:

Background:
 You were a Field Worker, a level 3 female dwarven Archeologist.
 You were lawful, nominally on a mission for Quetzalcoatl
 who was opposed by Camaxtli (neutral) and Huhetotl (chaotic).
 You were right-handed.
 You were in the Gnomish Mines, on level 3.
 You entered the dungeon 1404 turns ago.
 It was nighttime.
 You had 56 experience points, 24 more were needed to attain level 4.

Basics:
 You had 0 out of 29 hit points.
 You had all 6 energy points (spell power).
 Your armor class was 9.
 Your wallet contained 11 zorkmids.
 Autopickup was on for '$?!/="+%' plus thrown, with exceptions.

Final Characteristics:
 Your strength was 12 (limit:18/100).
 Your dexterity was 10 (limit:20).
 Your constitution was 13 (limit:20).
 Your intelligence was 16 (limit:16).
 Your wisdom was 16 (limit:16).
 Your charisma was 8 (limit:16).

Final Status:
 You weren't hungry.
 You were unencumbered.
 You were wielding a whip.
 You had basic skill with whip.

Final Attributes:
 You were devoutly aligned.
 You had automatic searching.
 You had infravision.
 You were lucky.
 You are dead.

Miscellaneous:
 You didn't encounter any bones levels.
 Total elapsed playing time was 9 minutes and 7 seconds.

Major events:
 Turn
    1: ArrBianca the lawful female dwarven Archeologist entered the dungeon
  883: entered the Gnomish Mines
  945: attained the rank of Field Worker (level 3)
 1404: killed by a goblin, while frozen by a floating eye's gaze

Spells:
 Name                 Level Category     Fail Retention
 cure sickness          3   healing      100%  76%-100%

Skills:
 Fighting Skills
   bare handed combat [Unskilled]
   two weapon combat  [Unskilled]
   riding             [Unskilled]
 Weapon Skills
   dagger             [Unskilled]
   knife              [Unskilled]
   pick-axe           [Basic]
   short sword        [Unskilled]
   saber              [Unskilled]
   club               [Unskilled]
   quarterstaff       [Unskilled]
   sling              [Unskilled]
   dart               [Unskilled]
   boomerang          [Unskilled]
   whip               [Basic]
   unicorn horn       [Unskilled]
 Spellcasting Skills
   attack spells      [Unskilled]
   healing spells     [Unskilled]
   divination spells  [Unskilled]
   matter spells      [Unskilled]

Voluntary challenges:
 Character rerolling was not enabled.
 You were an atheist.
 You never had a pet.
 You never genocided any monsters.
 You never polymorphed an object.
 You never changed form.
 You used no wishes.
Achievements:
 You entered a shop.
 You entered the Gnomish Mines.
 You attained the rank of Field Worker.

 The Dungeons of Doom: levels 1 to 2
    Level 1:
       A sink.
    Level 2:
       An armor shop, some fountains.
       Stairs down to The Gnomish Mines.
 The Gnomish Mines: levels 3 to 4
    Level 3: <- You were here.
       Final resting place for
          you, killed by a goblin, while frozen by a floating eye's gaze.
    Level 4:


Vanquished creatures:
  a gnome leader
 an iguana
 an acid blob
  a green mold
  a gnome
  2 geckos
  4 jackals
  a fox
  a kobold
  a goblin
  2 sewer rats
  6 grid bugs
  2 lichens
  5 newts
29 creatures vanquished.

No species were genocided or became extinct.

Game over:
                       ----------
                      /          \
                     /    REST    \
                    /      IN      \
                   /     PEACE      \
                  /                  \
                  |    ArrBianca     |
                  |      11 Au       |
                  |   killed by a    |
                  |      goblin      |
                  |                  |
                  |                  |
                  |       2026       |
                 *|     *  *  *      | *
        _________)/\\_//(\/(/\)/\//\/|_)_______

Goodbye ArrBianca the Archeologist...

You died in The Gnomish Mines on dungeon level 3 with 384 points,
and 11 pieces of gold, after 1404 moves.
You were level 3 with a maximum of 29 hit points when you died.

